SL
ATHLETIC CLUB KC @ VANCOUVER GREY WOLVES
09/03/2019
 
TOP OF THE 1ST
Athletic Club KC Athletics batting - Pitching for Vancouver Grey Wolves : RHP Javier Peralta
Pitching: RHP Javier Peralta
Batting: SHB David Henderson 0-0: Ground out 4-3 (Groundball, 4)
Batting: RHB Jorge Trevino 0-0: Swinging Strike
0-1: Ball
1-1: Foul Ball, location: 2F
1-2: Ball
2-2: SINGLE (Line Drive, 6MD)
Batting: LHB Chris Rice 0-0: Called Strike
Jorge Trevino steals 2nd base
0-1: Called Strike
0-2: Strikes out swinging
Batting: RHB Ramón Souza 0-0: Ball
1-0: Called Strike
1-1: Fly out, F7 (Line Drive, 7S)
Top of the 1st over - 0 run(s), 1 hit(s), 0 error(s), 1 left on base; Athletic Club KC 0 - Vancouver 0
BOTTOM OF THE 1ST
Vancouver Grey Wolves batting - Pitching for Athletic Club KC Athletics : RHP César Vatgos
Pitching: RHP César Vatgos
Batting: RHB Greg Robinson 0-0: Called Strike
0-1: Ball
1-1: Foul Ball, location: 2F
1-2: Ball
2-2: Ground out 4-3 (Groundball, 4M)
Batting: RHB Forest Simmons 0-0: Called Strike
0-1: Ball
1-1: Foul Ball, location: 2F
1-2: Ball
2-2: Strikes out looking
Batting: RHB Luis Muñóz 0-0: Ball
1-0: Ball
2-0: Ball
3-0: Base on Balls
Batting: RHB Bertrand Sunter 0-0: Called Strike
0-1: Called Strike
0-2: Fielders Choice at 2nd, 5-4 (Groundball, 5)
Bottom of the 1st over - 0 run(s), 0 hit(s), 0 error(s), 0 left on base; Athletic Club KC 0 - Vancouver 0
TOP OF THE 2ND
Athletic Club KC Athletics batting - Pitching for Vancouver Grey Wolves : RHP Javier Peralta
Batting: LHB Bob Davis 0-0: Foul Ball, location: 2F
0-1: Ball
1-1: SINGLE (Groundball, 34)
Batting: LHB Emílio Sáenz 0-0: Ball
1-0: Called Strike
1-1: Ball
2-1: Foul Ball, location: 2F
2-2: Foul Ball, location: 2F
2-2: SINGLE (Line Drive, 7LS)
Bob Davis to second
Batting: RHB Cory Staton 0-0: Foul Ball, location: 2F
0-1: Fly out, F7 (Flyball, 8LD)
Runner from 2nd tags up, SAFE at 3rd, no throw
Batting: LHB Lawrence Washington 0-0: Ball
1-0: Swinging Strike
1-1: Foul Ball, location: 2F
1-2: Foul Ball, location: 2F
1-2: Strikes out swinging
Batting: RHB César Vatgos 0-0: Swinging Strike
0-1: Ball
1-1: Swinging Strike
1-2: Ball
2-2: Ground out 5-3 (Groundball, 56)
Top of the 2nd over - 0 run(s), 2 hit(s), 0 error(s), 2 left on base; Athletic Club KC 0 - Vancouver 0
BOTTOM OF THE 2ND
Vancouver Grey Wolves batting - Pitching for Athletic Club KC Athletics : RHP César Vatgos
Batting: SHB Gregg Wagner 0-0: Foul Ball, location: 2F
0-1: Ball
1-1: Ball
2-1: Called Strike
2-2: Foul Ball, location: 2F
2-2: Foul Ball, location: 2F
2-2: Ground out 1-3 (Groundball, 23)
Batting: RHB John Huff 0-0: Ball
1-0: Ball
2-0: Called Strike
2-1: Swinging Strike
2-2: Ball
3-2: Base on Balls
Batting: SHB Dustin Tucker 0-0: Called Strike
John Huff is caught stealing 2nd base
0-1: Called Strike
0-2: Ball
1-2: Foul Ball, location: 2F
1-2: Ball
2-2: Ball
3-2: SINGLE (Flyball, 78M)
Batting: RHB Javier Peralta 0-0: Ball
1-0: Foul Ball, location: 2F
1-1: Fly out, F8 (Flyball, 8LM)
Bottom of the 2nd over - 0 run(s), 1 hit(s), 0 error(s), 1 left on base; Athletic Club KC 0 - Vancouver 0
TOP OF THE 3RD
Athletic Club KC Athletics batting - Pitching for Vancouver Grey Wolves : RHP Javier Peralta
Batting: SHB David Henderson 0-0: Ball
1-0: Bunted foul
1-1: Foul Ball, location: 2F
1-2: Ball
2-2: Ground out 4-3 (Groundball, 4)
Batting: RHB Jorge Trevino 0-0: Ball
1-0: Foul Ball, location: 2F
1-1: Ball
2-1: Fly out, F9 (Flyball, 9M)
Batting: LHB Chris Rice 0-0: Called Strike
0-1: Ground out 3-1 (Groundball, 34)
Top of the 3rd over - 0 run(s), 0 hit(s), 0 error(s), 0 left on base; Athletic Club KC 0 - Vancouver 0
BOTTOM OF THE 3RD
Vancouver Grey Wolves batting - Pitching for Athletic Club KC Athletics : RHP César Vatgos
Batting: LHB David Hubbard 0-0: Called Strike
0-1: Foul Ball, location: 2F
0-2: Ball
1-2: Ball
2-2: Ball
3-2: Strikes out swinging
Batting: RHB Greg Robinson 0-0: Ball
1-0: Called Strike
1-1: Ground out 5-3 (Groundball, 5S)
Batting: RHB Forest Simmons 0-0: Ball
1-0: Swinging Strike
1-1: Ground out 6-3 (Groundball, 6)
Bottom of the 3rd over - 0 run(s), 0 hit(s), 0 error(s), 0 left on base; Athletic Club KC 0 - Vancouver 0
TOP OF THE 4TH
Athletic Club KC Athletics batting - Pitching for Vancouver Grey Wolves : RHP Javier Peralta
Batting: RHB Ramón Souza 0-0: SINGLE (Line Drive, 89S)
Batting: LHB Bob Davis 0-0: Swinging Strike
0-1: Foul Ball, location: 2F
0-2: Fly out, F4 (Popup, 34)
Batting: LHB Emílio Sáenz 0-0: Ball
1-0: Ball
2-0: Ball
3-0: Called Strike
3-1: Base on Balls
Ramón Souza to second
Batting: RHB Cory Staton 0-0: Ball
1-0: Grounds into double play, U5-3 (Groundball, 5L)
Top of the 4th over - 0 run(s), 1 hit(s), 0 error(s), 1 left on base; Athletic Club KC 0 - Vancouver 0
BOTTOM OF THE 4TH
Vancouver Grey Wolves batting - Pitching for Athletic Club KC Athletics : RHP César Vatgos
Batting: RHB Luis Muñóz 0-0: Called Strike
0-1: Called Strike
0-2: Ball
1-2: SOLO HOME RUN (Flyball, 7D), Distance : 356 ft
Batting: RHB Bertrand Sunter 0-0: Ball
1-0: Swinging Strike
1-1: Foul Ball, location: 2F
1-2: Foul Ball, location: 2F
1-2: Ball
2-2: Fly out, F7 (Flyball, 78M)
Batting: SHB Gregg Wagner 0-0: DOUBLE (Line Drive, 78XD)
Batting: RHB John Huff 0-0: Called Strike
0-1: Swinging Strike
0-2: 2-RUN HOME RUN (Flyball, 7LD), Distance : 345 ft
Batting: SHB Dustin Tucker 0-0: Called Strike
0-1: SINGLE (Flyball, 8RS)
Batting: RHB Javier Peralta 0-0: Ball
1-0: Swinging Strike
1-1: Sac Bunt - play at second, runner OUT -> throw to first, DP!
Bottom of the 4th over - 3 run(s), 4 hit(s), 0 error(s), 1 left on base; Athletic Club KC 0 - Vancouver 3
TOP OF THE 5TH
Athletic Club KC Athletics batting - Pitching for Vancouver Grey Wolves : RHP Javier Peralta
Batting: LHB Lawrence Washington 0-0: Called Strike
0-1: Foul Ball, location: 2F
0-2: Ball
1-2: Fly out, F8 (Flyball, 8LM)
Batting: RHB César Vatgos 0-0: Ball
1-0: Called Strike
1-1: Called Strike
1-2: SINGLE (Groundball, 56)
Batting: SHB David Henderson 0-0: Ball
1-0: Ground out 3-1 (Groundball, 34)
César Vatgos to second
Batting: RHB Jorge Trevino 0-0: Ground out 5-3 (Groundball, 56S)
Top of the 5th over - 0 run(s), 1 hit(s), 0 error(s), 1 left on base; Athletic Club KC 0 - Vancouver 3
BOTTOM OF THE 5TH
Vancouver Grey Wolves batting - Pitching for Athletic Club KC Athletics : RHP César Vatgos
Batting: LHB David Hubbard 0-0: Ball
1-0: Swinging Strike
1-1: Ball
2-1: Fly out, F3 (Popup, 3)
Batting: RHB Greg Robinson 0-0: Ball
1-0: Ball
2-0: SINGLE (Groundball, 56D) (infield hit)
Batting: RHB Forest Simmons 0-0: Ball
1-0: Fly out, F8 (Flyball, 8LM)
1-0: Fly out, F8 (Flyball, 8LM)
Batting: RHB Luis Muñóz 0-0: Ball
1-0: Ball
2-0: Ball
3-0: Called Strike
3-1: Foul Ball, location: 2F
3-2: SINGLE (Flyball, 9LS)
Greg Robinson to second
Greg Robinson to third
Batting: RHB Bertrand Sunter 0-0: Called Strike
0-1: Ground out 2-3 (Groundball, 2L)
Bottom of the 5th over - 0 run(s), 2 hit(s), 0 error(s), 2 left on base; Athletic Club KC 0 - Vancouver 3
TOP OF THE 6TH
Athletic Club KC Athletics batting - Pitching for Vancouver Grey Wolves : RHP Javier Peralta
Batting: LHB Chris Rice 0-0: Ball
1-0: Foul Ball, location: 2F
1-1: Ball
2-1: Ball
3-1: Base on Balls
Batting: RHB Ramón Souza 0-0: Ball
1-0: Ball
2-0: Ball
3-0: Called Strike
3-1: Base on Balls
Chris Rice to second
Batting: LHB Bob Davis 0-0: 3-RUN HOME RUN (Flyball, 9LD), Distance : 341 ft
Batting: LHB Emílio Sáenz 0-0: Called Strike
0-1: SOLO HOME RUN (Flyball, 9D), Distance : 344 ft
Batting: RHB Cory Staton 0-0: Called Strike
0-1: Foul Ball, location: 2F
0-2: Ball
1-2: Ball
2-2: Ground out 1-3 (Groundball, 15)
Batting: LHB Lawrence Washington 0-0: Ball
1-0: Ball
2-0: Ground out 1-3 (Groundball, 13)
Batting: RHB César Vatgos 0-0: Ball
1-0: Foul Ball, location: 2F
1-1: DOUBLE (Line Drive, 9LM)
Batting: SHB David Henderson 0-0: Called Strike
0-1: Ground out 4-3 (Groundball, 4)
Top of the 6th over - 4 run(s), 3 hit(s), 0 error(s), 1 left on base; Athletic Club KC 4 - Vancouver 3
BOTTOM OF THE 6TH
Vancouver Grey Wolves batting - Pitching for Athletic Club KC Athletics : RHP César Vatgos
Batting: SHB Gregg Wagner 0-0: Called Strike
0-1: Ball
1-1: Foul Ball, location: 2F
1-2: Ball
2-2: Strikes out swinging
Batting: RHB John Huff 0-0: Called Strike
0-1: Ball
1-1: Ball
2-1: Called Strike
2-2: Ground out 1-3 (Groundball, 13S)
Batting: SHB Dustin Tucker 0-0: Ball
1-0: Ball
2-0: Ball
3-0: Base on Balls
Batting: RHB Javier Peralta 0-0: Fly out, F9 (Flyball, 89M)
Bottom of the 6th over - 0 run(s), 0 hit(s), 0 error(s), 1 left on base; Athletic Club KC 4 - Vancouver 3
TOP OF THE 7TH
Athletic Club KC Athletics batting - Pitching for Vancouver Grey Wolves : RHP Javier Peralta
Batting: RHB Jorge Trevino 0-0: Ground out 5-3 (Groundball, 56)
Batting: LHB Chris Rice 0-0: Swinging Strike
0-1: Ball
1-1: DOUBLE (Flyball, 78XD)
Batting: RHB Ramón Souza 0-0: Ball
1-0: Foul Ball, location: 2F
1-1: Swinging Strike
1-2: Ground out 6-3 (Groundball, 6MD)
Chris Rice to third
Batting: LHB Bob Davis 0-0: Reached on error, E3 (Groundball, 3)
Chris Rice scores
Batting: LHB Emílio Sáenz 0-0: Ball
1-0: Called Strike
1-1: Foul Ball, location: 2F
1-2: Fielders Choice at 2nd, U6 (Groundball, 6M)
Top of the 7th over - 1 run(s), 1 hit(s), 1 error(s), 1 left on base; Athletic Club KC 5 - Vancouver 3
BOTTOM OF THE 7TH
Vancouver Grey Wolves batting - Pitching for Athletic Club KC Athletics : RHP César Vatgos
Batting: LHB David Hubbard 0-0: Ball
1-0: Ball
2-0: DOUBLE (Flyball, 89M)
Batting: RHB Greg Robinson 0-0: Fly out, F9 (Popup, 4D)
Batting: RHB Forest Simmons 0-0: Ball
1-0: Swinging Strike
1-1: Foul Ball, location: 2F
1-2: Ball
2-2: Foul Ball, location: 2F
2-2: Ground out 4-3 (Groundball, 4)
David Hubbard to third
Pitching: RHP Byron Rogers
Now at 2B: Harry Fuller
Batting: RHB Luis Muñóz 0-0: Called Strike
0-1: Ball
1-1: Ball
2-1: Called Strike
2-2: Foul Ball, location: 2F
2-2: Ball
3-2: Base on Balls
Batting: RHB Bertrand Sunter 0-0: Ball
1-0: Called Strike
1-1: Called Strike
1-2: Strikes out swinging
Bottom of the 7th over - 0 run(s), 1 hit(s), 0 error(s), 2 left on base; Athletic Club KC 5 - Vancouver 3
TOP OF THE 8TH
Athletic Club KC Athletics batting - Pitching for Vancouver Grey Wolves : RHP Javier Peralta
Batting: RHB Cory Staton 0-0: Called Strike
0-1: Ball
1-1: Foul Ball, location: 2F
1-2: Ball
2-2: SINGLE (Groundball, 4MD)
Pitching: LHP Spike Wells
Batting: LHB Lawrence Washington 0-0: Swinging Strike
0-1: Ball
1-1: Foul Ball, location: 2F
1-2: Ball
2-2: Fly out, F7 (Flyball, 7M)
Pitching: RHP David Phillips
Batting: RHB Harry Fuller 0-0: Ball
1-0: Called Strike
1-1: Ball
2-1: Reached on error, E5 (Groundball, 5L)
Cory Staton to second
Batting: SHB David Henderson 0-0: Ball
1-0: Fly out, F7 (Flyball, 7D)
Runner from 2nd tags up, SAFE at 3rd, no throw
Pinch Hitting: LHB Tony Reynolds 0-0: Ball
1-0: Called Strike
1-1: Foul Ball, location: 2F
1-2: Fly out, F7 (Line Drive, 7S)
Top of the 8th over - 0 run(s), 1 hit(s), 1 error(s), 2 left on base; Athletic Club KC 5 - Vancouver 3
BOTTOM OF THE 8TH
Vancouver Grey Wolves batting - Pitching for Athletic Club KC Athletics : RHP Byron Rogers
Pitching: RHP Jeff Krause
Batting: SHB Gregg Wagner 0-0: Ball
1-0: Ball
2-0: SINGLE (Groundball, 34D)
Batting: RHB John Huff 0-0: Called Strike
0-1: Swinging Strike
0-2: Ball
1-2: Ball
2-2: Strikes out swinging
Batting: SHB Dustin Tucker 0-0: Ball
1-0: Ball
2-0: Ball
3-0: Called Strike
3-1: Fly out, F7 (Flyball, 7M)
Pinch Hitting: RHB Randolph Davis 0-0: Called Strike
0-1: Fly out, F5 (Popup, 5SF)
Bottom of the 8th over - 0 run(s), 1 hit(s), 0 error(s), 1 left on base; Athletic Club KC 5 - Vancouver 3
TOP OF THE 9TH
Athletic Club KC Athletics batting - Pitching for Vancouver Grey Wolves : RHP David Phillips
Pitching: LHP Pat Horton
Batting: LHB Chris Rice 0-0: Ball
1-0: Ball
2-0: Called Strike
2-1: Ball
3-1: Foul Ball, location: 2F
3-2: Foul Ball, location: 2F
3-2: DOUBLE (Line Drive, 78D)
Batting: RHB Ramón Souza 0-0: Intentional Walk
Pinch Hitting: RHB Rick Atkinson 0-0: Called Strike
0-1: Foul Ball, location: 2F
0-2: Ball
1-2: Strikes out swinging
Batting: LHB Emílio Sáenz 0-0: Ball
1-0: Called Strike
1-1: Swinging Strike
1-2: Ball
2-2: Strikes out swinging
Batting: RHB Cory Staton 0-0: Swinging Strike
0-1: Foul Ball, location: 2F
0-2: Ball
1-2: Ball
2-2: Ball
3-2: Strikes out swinging
Top of the 9th over - 0 run(s), 1 hit(s), 0 error(s), 2 left on base; Athletic Club KC 5 - Vancouver 3
BOTTOM OF THE 9TH
Vancouver Grey Wolves batting - Pitching for Athletic Club KC Athletics : RHP Jeff Krause
Pitching: RHP Manuel Hernández
Now at C: Juan Benítez
Batting: LHB David Hubbard 0-0: Ball
1-0: Ball
2-0: Fly out, F7 (Flyball, 78D)
Batting: RHB Greg Robinson 0-0: Called Strike
0-1: Swinging Strike
0-2: Ball
1-2: Foul Ball, location: 2F
1-2: Foul Ball, location: 2F
1-2: Strikes out swinging
Batting: RHB Forest Simmons 0-0: SINGLE (Groundball, 3D)
Batting: RHB Luis Muñóz 0-0: Fly out, F9 (Flyball, 9LDF)
Bottom of the 9th over - 0 run(s), 1 hit(s), 0 error(s), 1 left on base; Athletic Club KC 5 - Vancouver 3
This league is powered by Out of the Park Baseball, the baseball management simulation game for PC, Mac and Linux
Saturday, July 25th, 2015 - OOTP Baseball 15.6 Build 34